 Dungeon Crawl Stone Soup version 0.31-a0-1447-g87ca8d402b (webtiles) character file.

Game seed: 9220475349805734027

210 pokeman the Magician (level 5, 0/29 HPs)
             Began as a Deep Elf Hedge Wizard on Dec 27, 2023.
             Slain by a gnoll bouda
             ... wielding a +0 club
              (6 damage)
             ... on level 4 of the Dungeon.
             The game lasted 00:05:24 (2445 turns).

pokeman the Magician (Deep Elf Hedge Wizard)        Turns: 2445, Time: 00:05:25

Health: 0/29       AC:  2    Str:  7    XL:     5   Next: 56%
Magic:  10/15      EV: 13    Int: 21    God:
Gold:   127        SH:  0    Dex: 14    Spells: 8/16 levels left

rFire   . . .        l - +1 flail (heavy)
rCold   . . .        (no shield)
rNeg    . . .        b - +0 robe
rPois   .            c - +0 hat
rElec   .            (no cloak)
rCorr   .            (no gloves)
SInv    .            (no boots)
Will    .....        a - amulet of regeneration
Stlth   +            (no ring)
HPRegen 1.04/turn    (no ring)
MPRegen 0.14/turn

%: no passive effects
@: confused, weakened
A: no striking features
a: no special abilities


You were on level 4 of the Dungeon.
You visited 1 branch of the dungeon, and saw 4 of its levels.

You collected 127 gold pieces.

Inventory:

Hand Weapons
 l - a +1 heavy flail (weapon)
Armour
 b - a +0 robe (worn)
 c - a +0 hat (worn)
Magical Staves
 p - a staff of earth
Jewellery
 a - an amulet of regeneration (around neck)
Wands
 j - a wand of iceblast (6)
Scrolls
 g - a scroll of revelation {unknown}
 m - 2 scrolls of identify {unknown}
 n - a scroll of fear {unknown}
Potions
 d - a potion of magic
 e - 3 potions of brilliance {unknown}
 f - 4 potions of heal wounds {unknown}
 h - 2 potions of degeneration {unknown}
 i - 2 potions of curing {unknown}
 k - a potion of resistance {unknown}
 o - a potion of enlightenment {unknown}
 q - a potion of might {unknown}


   Skills:
 - Level 1.0 Fighting
 - Level 1.1 Armour
 - Level 3.0 Dodging
 - Level 3.0 Stealth
 * Level 6.2 Spellcasting
 + Level 2.7 Conjurations
 - Level 1.1 Summonings
 - Level 1.1 Translocations
 + Level 0.5 Air Magic
 + Level 0.3 Earth Magic
 + Level 0.8 Alchemy
 + Level 0.7 Evocations


You had 8 spell levels left.
You knew the following spells:

 Your Spells              Type           Power      Damage    Failure   Level
a - Magic Dart            Conj           72%        1d6       3%          1
b - Mephitic Cloud        Conj/Alch/Air  12%        N/A       16%         3
c - Call Imp              Summ           22%        N/A       10%         2
d - Blink                 Tloc           22%        N/A       10%         2

Your spell library contained the following spells:

 Spells                   Type           Power      Damage    Failure   Level
 Slow                     Hex            24%        N/A       10%         1
 Cigotuvi's Dreadful Rot  Necr/Alch/Air  16%        N/A       12%         2
 Fugue of the Fallen      Necr           6%         N/A       28%         3
 Ozocubu's Armour         Ice            6%         N/A       28%         3
 Manifold Assault         Tloc           11%        N/A       52%         4


Dungeon Overview and Level Annotations

Branches:
Dungeon (4/15)
 Temple: D:4-7

Altars:
Fedhas


Message History

You are more confused.
The gnoll hits the adder with a +0 flail!
The gnoll barely misses itself.
The gnoll is engulfed in noxious fumes.
The gnoll appears confused.
The gnoll closely misses the gnoll bouda.
The gnoll barely misses itself.
The gnoll hits you from afar with a +0 halberd.
The gnoll bouda calls upon its god to heal the gnoll.
The gnoll's wounds heal themselves!
Unknown command.
You bump into the rock wall.
You are engulfed in noxious fumes.
The gnoll barely misses you.
Unknown command.
Unknown command.
You're too confused to move!
You are engulfed in noxious fumes.
You choke on the stench!
You are more confused.
The gnoll is engulfed in noxious fumes.
The gnoll appears confused.
The gnoll hits you from afar with a +0 halberd.
The gnoll bouda hits you with a +0 club!
Unknown command.
Unknown command.
You hit the gnoll.
The gnoll is lightly wounded.
You are engulfed in noxious fumes.
You choke on the stench!
You are more confused.
The gnoll is no longer moving quickly.
The gnoll is engulfed in noxious fumes.
The gnoll appears confused.
The gnoll closely misses you.
The gnoll bouda calls upon its god to heal the gnoll.
The gnoll's wounds heal themselves!
The gnoll is engulfed in noxious fumes.
The gnoll appears confused.
The adder bites you. The gnoll completely misses you.
The gnoll bouda hits you with a +0 club!
* * * LOW HITPOINT WARNING * * *
Unknown command.
Unknown command.
The gnoll is no longer moving quickly.
The gnoll is engulfed in noxious fumes.
The gnoll appears confused.
The gnoll closely misses the adder.
The gnoll bouda hits you with a +0 club.
You die...

###'#######)
######....#####+
..........##....
#####......#...g'
#......#....
#.#.#..#...?##
#.#....#..gSg#
#......####g○#
#...........@#
######...###...#
#...# ###.....
#...# ##### #...#
#...# #...# #...#


You could see a gnoll bouda, 3 gnolls and an adder.

Vanquished Creatures
  A bombardier beetle (D:3)
  An iguana (D:3)
  Natasha (thrice) (D:2)
  2 adders (D:2)
  6 orcs
  6 bats
  2 endoplasms
  4 giant cockroaches
  4 goblins
  6 hobgoblins
  3 kobolds
  A quokka (D:2)
  7 ball pythons
  A frilled lizard (D:2)
  4 rats
51 creatures vanquished.

Notes
Turn   | Place    | Note
-------+----------+-------------------------------------------
     0 | D:1      | pokeman the Deep Elf Hedge Wizard began the quest for the
                  | Orb.
     0 | D:1      | Reached XP level 1. HP: 10/10 MP: 7/7
   231 | D:1      | Reached XP level 2. HP: 16/16 MP: 5/9
   933 | D:2      | Reached skill level 5 in Spellcasting
  1023 | D:2      | Reached XP level 3. HP: 20/20 MP: 2/11
  1032 | D:1      | Learned a level 3 spell: Mephitic Cloud
  1035 | D:1      | Learned a level 2 spell: Call Imp
  1038 | D:1      | Learned a level 2 spell: Blink
  1297 | D:2      | Reached skill level 1 in Fighting
  1397 | D:2      | Noticed Natasha
  1408 | D:2      | Killed Natasha
  1409 | D:2      | Reached skill level 1 in Armour
  1409 | D:2      | Reached XP level 4. HP: 24/25 MP: 7/13
  1410 | D:2      | Noticed Natasha
  1414 | D:2      | Killed Natasha
  1512 | D:2      | Noticed Natasha
  1526 | D:2      | Killed Natasha
  1527 | D:2      | Reached skill level 6 in Spellcasting
  1527 | D:2      | Reached XP level 5. HP: 28/29 MP: 10/15
  2311 | D:4      | Found a blossoming altar of Fedhas.
  2445 | D:4      | Slain by a gnoll bouda

Illustrated notes

Levels and vault maps discovered:
D:1:      saegor_arrival_under_anarchy, layout_basic
D:2:      layout_basic, uniq_natasha
D:3:      layout_rooms, kennysheep_generic_room_2
D:4:      minmay_evil_eye, layout_basic, mainiacjoe_overflow_alcove_1,
          minmay_temple_entry_gardened_gates, dk_noncrumbling_3

Skill      XL: |  1  2  3  4  5 |
---------------+----------------+-----
Spellcasting   | 5 6 |  6.2
Fighting       | 1 |  1.0
Armour         | 1 |  1.1
Conjurations   | 2 |  2.7
Dodging        | 3 |  3.0
Stealth        | 3 |  3.0
Summonings     | |  1.1
Translocations | |  1.1
Air Magic      | |  0.5
Earth Magic    | |  0.3
Alchemy        | |  0.8
Evocations     | |  0.7

Action                     |  1- 3 |  4- 6 || total
---------------------------+-------+-------++-------
  Melee: Dagger            |     5 |       ||     5
         Flail             |     3 |    26 ||    29
   Cast: Magic Dart        |    68 |    25 ||    93
         Mephitic Cloud    |     2 |     6 ||     8
   Stab: Confused          |     1 |     4 ||     5
         Sleeping          |       |     2 ||     2
 Armour: Robe              |     3 |    16 ||    19
  Dodge: Dodged            |    17 |    30 ||    47

Table legend: (Time is in decaauts)
 A = Elapsed time spent in this place.
 B = Non-inter-level travel time spent in this place.
 C = Inter-level travel time spent in this place.
 D = Time resting spent in this place.
 E = Time spent auto-exploring this place.
 F = Levels seen in this place.
 G = Mean time per level.
                   A        B        C        D        E       F      G
               +--------+--------+--------+--------+--------+-----+--------+
         Total |   2476 |   2423 |     53 |     61 |   2033 |   4 |  619.0 |
       Dungeon |   2476 |   2423 |     53 |     61 |   2033 |   4 |  619.0 |
               +--------+--------+--------+--------+--------+-----+--------+

Top non-repeatable levels by time:
     D:1: 924 daAuts
     D:2: 762 daAuts
     D:3: 643 daAuts
     D:4: 147 daAuts
